 Dungeon Crawl Stone Soup version 0.31-a0-963-ga325b2283a (webtiles) character file.

Game seed: 15915778731929081649

171 Arcadio the Digger (level 5, -2/38 HPs)
             Began as a Ghoul Earth Elementalist on Oct 24, 2023.
             Slain by an orc
             ... wielding a +2 hand axe of freezing
              (5 damage)
             ... on level 4 of the Dungeon.
             The game lasted 00:09:20 (2831 turns).

Arcadio the Digger (Ghoul Earth Elementalist)       Turns: 2831, Time: 00:09:21

Health: -2/38      AC:  2    Str: 14    XL:     5   Next: 51%
Magic:  3/8        EV: 12    Int: 12    God:
Gold:   196        SH:  0    Dex:  9    Spells: 4/10 levels left

rFire   . . .        b - +6 sling "Lutsuul" {flame, Str+2}
rCold   + . .        (no shield)
rNeg    + + +        a - +0 robe
rPois   ∞            (no helmet)
rElec   .            (no cloak)
rCorr   .            (no gloves)
SInv    .            (no boots)
Will    .....        (no amulet)
Stlth   ++           (no ring)
HPRegen 0.00/turn    (no ring)
MPRegen 0.11/turn

%: no passive effects
@: very slightly contaminated, inhibited regen
A: claws 1, cold resistance 1, negative energy resistance 3, inhibited
regeneration, torment resistance 2, devour on kill
a: no special abilities


You were on level 4 of the Dungeon.
You visited 1 branch of the dungeon, and saw 4 of its levels.

You collected 196 gold pieces.

Inventory:

Hand Weapons
 b - the +6 sling "Lutsuul" (weapon) {flame, Str+2}
   (You found it on level 2 of the Dungeon)

   Str+2:     It affects your strength (+2).
Armour
 a - a +0 robe (worn)
Wands
 m - a wand of polymorph (5)
Scrolls
 c - 3 scrolls of immolation {unknown}
 d - a scroll of blinking {unknown}
 f - a scroll of enchant weapon {unknown}
 g - 2 scrolls of identify {unknown}
 i - a scroll of summoning {unknown}
 j - a scroll of revelation {unknown}
 k - a scroll of enchant armour {unknown}
 l - 2 scrolls of fog {unknown}
 n - a scroll of torment {unknown}
Potions
 e - a potion of mutation {unknown}
 h - a potion of magic
 o - a potion of attraction {unknown}


   Skills:
 + Level 3.2 Dodging
 - Level 2.1 Stealth
 + Level 3.0 Spellcasting
 - Level 0.8 Transmutations
 + Level 4.6 Earth Magic


You had 4 spell levels left.
You knew the following spells:

 Your Spells              Type           Power      Damage    Failure   Level
a - Sandblast             Erth           24%        2d8       3%          1
b - Passwall              Tmut/Erth      6%         N/A       12%         2
c - Stone Arrow           Conj/Erth      14%        3d7       28%         3

Your spell library contained the following spells:

 Spells                   Type           Power      Damage    Failure   Level
 Petrify                  Tmut/Erth      8%         N/A       61%         4
 Brom's Barrelling Bould  Conj/Erth      7%         2d3       67%         4


Dungeon Overview and Level Annotations

Branches:
Dungeon (4/15) Zot: 21110
 Temple: D:4-7

Altars:
Gozag

Shops:
D:2 [   D:3 (*[=


Innate Abilities, Weirdness & Mutations

You are immune to poison.
You have sharp fingernails.
Your flesh is cold resistant. (rC+)
You are immune to negative energy. (rN+++)
You do not regenerate when monsters are visible.
You are immune to unholy pain and torment.
You thrive by killing the living.


Message History

Aiming: Sandblast (safe; 3% risk of failure)
Press: ? - help, Shift-Dir - straight line, f/p - orc priest
Aim: an orc priest, wielding a +0 short sword (82% to hit)
The blast of sand hits the orc but does no damage.
The orc closely misses you. The orc barely misses you.
Casting: Sandblast (safe; 3% risk of failure)
Confirm with . or Enter, or press ? or * to list all spells.
Aiming: Sandblast (safe; 3% risk of failure)
Press: ? - help, Shift-Dir - straight line, f/p - orc priest
Aim: an orc priest, wielding a +0 short sword (82% to hit)
The blast of sand hits the orc.
The orc is severely wounded.
The orc hits you with a +2 hand axe of freezing!
The orc attacks as it pursues you! The orc closely misses you.
The orc attacks as it pursues you!
The orc hits you with a +2 hand axe of freezing.
Unknown command.
Unknown command.
Casting: Sandblast (safe; 3% risk of failure)
Confirm with . or Enter, or press ? or * to list all spells.
Aiming: Passwall (safe; 12% risk of failure)
Press: ? - help, Dir - move target, p - orc priest A rock wall.
You miscast Passwall.
You are very lightly contaminated with residual magic.
Nothing appears to happen.
The orc hits you with a +2 hand axe of freezing.
The orc freezes you.
Casting: Passwall (safe; 12% risk of failure)
Confirm with . or Enter, or press ? or * to list all spells.
Aiming: Passwall (safe; 12% risk of failure)
Press: ? - help, Dir - move target A rock wall.
The orc hits you with a +2 hand axe of freezing!
* * * LOW HITPOINT WARNING * * *
The orc freezes you.
* * * LOW HITPOINT WARNING * * *
You begin to meditate on the wall.
You continue meditating on the rock.
The orc hits you with a +2 hand axe of freezing.
You die...

#########
#.####.......# #
##...........# #
##.#.>.......#
#.##.........#
#[#..........#
##.#).........#
#.#...........#
#.#...........#
##@#...........#
#o##...........#
#o##...........#
##g##....)......#
#o####.........##
#W# ##........#
##.# ##########
#..# ##.##


You could see a phantom, an orc priest, 2 orcs and a hobgoblin.

Vanquished Creatures
  An iguana (D:4)
  6 adders
  3 worms
  3 dart slugs
  An orc (D:4)
  4 ball pythons
  4 bats
  8 endoplasms
  A giant cockroach (D:4)
  9 hobgoblins
  8 jackals
  A frilled lizard (D:1)
  9 goblins
  11 kobolds
  3 rats
72 creatures vanquished.

Notes
Turn   | Place    | Note
-------+----------+-------------------------------------------
     0 | D:1      | Arcadio the Ghoul Earth Elementalist began the quest for
                  | the Orb.
     0 | D:1      | Reached XP level 1. HP: 14/14 MP: 2/2
   150 | D:1      | Reached XP level 2. HP: 20/20 MP: 2/4
   656 | D:1      | Reached XP level 3. HP: 25/26 MP: 1/5
  1008 | D:2      | Identified the +6 sling "Lutsuul" {flame, Str+2}
  1289 | D:2      | Learned a level 2 spell: Passwall
  1293 | D:2      | Learned a level 3 spell: Stone Arrow
  1311 | D:2      | Reached skill level 4 in Earth Magic
  1323 | D:2      | Found Sinosch's Armour Shoppe.
  1338 | D:2      | Reached XP level 4. HP: 33/33 MP: 6/6
  1543 | D:3      | Found Siugynar's Antique Armour Shop.
  1743 | D:3      | Found Wiero Iko's General Store.
  1764 | D:3      | Reached XP level 5. HP: 38/38 MP: 6/8
  2067 | D:3      | Found Xothiwib's Antique Weapon Boutique.
  2189 | D:3      | Found Upagu's Jewellery Shoppe.
  2635 | D:4      | Found an opulent altar of Gozag.
  2636 | D:4      | Noticed a phantom
  2816 | D:4      | Noticed a phantom
  2831 | D:4      | Slain by an orc

Illustrated notes

Levels and vault maps discovered:
D:1:      dpeg_arrival_ternary, layout_basic
D:2:      layout_rooms, serial_shops, shop
D:3:      layout_basic, serial_shops, nicolae_shop_pleasant_corner_grove,
          nicolae_square_shop, nicolae_shop_rolling_square,
          nicolae_shop_behind_doors, reono_crystal_passage,
          kennysheep_generic_room_2
D:4:      layout_cave_pods, nicolae_gozag_seed_capital

Skill      XL: |  1  2  3  4  5 |
---------------+----------------+-----
Dodging        | 2 3 |  3.2
Spellcasting   | 2 3 |  3.0
Earth Magic    | 4 |  4.6
Stealth        | |  2.1
Transmutations | |  0.8

Action                     |  1- 3 |  4- 6 || total
---------------------------+-------+-------++-------
  Melee: Unarmed           |    25 |       ||    25
   Fire: Sling             |    18 |    38 ||    56
   Cast: Sandblast         |    41 |    31 ||    72
         Passwall          |       |     1 ||     1
 Armour: Robe              |    20 |    24 ||    44
  Dodge: Dodged            |    34 |    19 ||    53

Table legend: (Time is in decaauts)
 A = Elapsed time spent in this place.
 B = Non-inter-level travel time spent in this place.
 C = Inter-level travel time spent in this place.
 D = Time resting spent in this place.
 E = Time spent auto-exploring this place.
 F = Levels seen in this place.
 G = Mean time per level.
                   A        B        C        D        E       F      G
               +--------+--------+--------+--------+--------+-----+--------+
         Total |   2888 |   2854 |     34 |      0 |   2327 |   4 |  722.0 |
       Dungeon |   2888 |   2854 |     34 |      0 |   2327 |   4 |  722.0 |
               +--------+--------+--------+--------+--------+-----+--------+

Top non-repeatable levels by time:
     D:1: 879 daAuts
     D:3: 793 daAuts
     D:2: 617 daAuts
     D:4: 598 daAuts
